 Dungeon Crawl Stone Soup version 0.30.0-29-ga12c61a403 (webtiles) character file.

Game seed: 15393028347037392006

126 cheesebisquit the Ruffian (level 4, 0/41 HPs)
             Began as a Troll Transmuter on June 12, 2023.
             Slain by Sigmund
             ... wielding a +4 scythe of venom
              (9 damage)
             ... on level 2 of the Dungeon.
             The game lasted 00:02:50 (748 turns).

cheesebisquit the Ruffian (Troll Transmuter)         Turns: 748, Time: 00:02:51

Health: 0/41       AC:  4    Str: 18    XL:     4   Next: 84%
Magic:  4/5        EV: 10    Int: 11    God:
Gold:   28         SH:  0    Dex: 10    Spells: 0/6 levels left

rFire   . .          .
                       - Unarmed
rCold   . . .        (no shield)
rNeg    . . .        a - +0 robe
rPois   .            (helmet currently unavailable)
rElec   .            (no cloak)
rCorr   .            (gloves unavailable)
SInv    .            (boots unavailable)
Will    .....        (no amulet)
Stlth   +            (no ring)
HPRegen 1.06/turn    (no ring)
MPRegen 0.09/turn

%: no passive effects
@: lethally poisoned (0 -> -8), appendages, hasted, very quick
A: horns 2, talons 2, large, unfitting armour, claws 3, regeneration 1, shaggy
fur 1, tough skin 1
a: End Transformation


You were on level 2 of the Dungeon.
You had temporarily grown beastly horns and talons.
You visited 1 branch of the dungeon, and saw 2 of its levels.

You collected 52 gold pieces.
You spent 24 gold pieces at shops.

Inventory:

Missiles
 k - 4 curare-tipped darts
 l - 6 poisoned darts
Armour
 a - a +0 robe (worn)
Scrolls
 c - a scroll of fog {unknown}
 d - a scroll of enchant armour {unknown}
 e - a scroll of blinking {unknown}
 f - a scroll of noise {unknown}
 g - a scroll of magic mapping {unknown}
 j - a scroll of silence {unknown}
Potions
 b - a potion of lignification
 i - a potion of curing {unknown}


   Skills:
 + Level 1.5 Fighting
 + Level 2.1 Dodging
 * Level 4.1 Unarmed Combat
 + Level 1.7 Spellcasting
 + Level 2.0 Transmutations


You couldn't memorise any spells.
You knew the following spells:

 Your Spells              Type           Power      Damage    Failure   Level
a - Beastly Appendage     Tmut           10%        N/A       13%         1
b - Wereblood             Tmut           5%         N/A       21%         2
c - Spider Form           Tmut/Pois      3%         N/A       52%         3

Your spell library contained the following spells:

 Spells                   Type           Power      Damage    Failure   Level
 Ice Form                 Ice/Tmut       3%         N/A       89%         4


Dungeon Overview and Level Annotations

Branches:
Dungeon (2/15)

Altars:

Shops:
D:2 *

Annotations:
D:2 Sigmund


Innate Abilities, Weirdness & Mutations

You have temporarily grown beastly horns and talons.
You are too large for most types of armour.
You have claws for hands.
Your natural rate of healing is unusually fast.
You are covered in fur. (AC +1)
You have tough skin. (AC +1)


Message History

The quokka bites you but does no damage.
You completely miss the quokka. The quokka barely misses you.
A quokka is nearby!
You closely miss the quokka. The quokka closely misses you.
You scratch the quokka.
The quokka is heavily wounded.
The quokka bites you but does no damage.
You claw the quokka!
You kill the quokka!
No target in view!
No target in view!
No target in view!
No target in view!
No target in view!
No target in view!
No target in view!
No target in view!
No target in view!
You see here a quokka corpse.
Sigmund the Dreaded comes into view.
He is wielding a +4 scythe of venom.
Sigmund shouts!
You grow a pair of large bovine horns.
Your feet morph into talons.
Sigmund screams, "You will never...
NEVER!!!"
Sigmund laughs darkly.
Sigmund hits you with a +4 scythe of venom!
You are poisoned.
You barely miss Sigmund. Your kick misses Sigmund.
You feel very sick.
Sigmund hits you with a +4 scythe of venom!
You are more poisoned.
You scratch Sigmund. Your kick misses Sigmund. Your headbutt misses Sigmund.
Sigmund is lightly wounded.
* * * LOW HITPOINT WARNING * * *
You feel very sick.
You feel yourself speed up.
* * * LOW HITPOINT WARNING * * *
You feel very sick.
Sigmund says, "Your kind have come here before.
I understand now why.
You desire death..."
Sigmund hits you with a +4 scythe of venom!
You die...

#####
######...#
##......#.#
####.....†.#.##
#....#####....#
##...## ##@..#
#....# #@..#
#.#..# #...#
##.#..# #...#
####.....#
#...#
∩.....##..#
....#
##†..........
...##
##.#.##.....
..##
#.#...#....


You could see Sigmund.

Vanquished Creatures
  A black bear (D:2)
  An adder (D:2)
  A dart slug (D:1)
  An endoplasm (D:1)
  3 giant cockroaches
  3 goblins
  2 hobgoblins
  A kobold (D:1)
  A quokka (D:2)
  7 ball pythons
  A bat (D:1)
  4 frilled lizards
  2 rats (D:1)
28 creatures vanquished.

Notes
Turn   | Place    | Note
-------+----------+-------------------------------------------
     0 | D:1      | cheesebisquit the Troll Transmuter began the quest for the
                  | Orb.
     0 | D:1      | Reached XP level 1. HP: 18/18 MP: 1/1
   133 | D:1      | Reached XP level 2. HP: 26/26 MP: 3/3
   170 | D:1      | Reached skill level 1 in Fighting
   613 | D:2      | Found a faded altar of an unknown god.
   628 | D:2      | Reached XP level 3. HP: 30/33 MP: 4/4
   635 | D:2      | Noticed a black bear
   646 | D:2      | Killed a black bear
   647 | D:2      | Reached skill level 4 in Unarmed Combat
   647 | D:2      | Reached XP level 4. HP: 15/41 MP: 5/5
   679 | D:2      | Found Ilups's General Store.
   683 | D:2      | Learned a level 2 spell: Wereblood
   687 | D:2      | Learned a level 3 spell: Spider Form
   711 | D:2      | Bought a scroll of identify for 24 gold pieces
   742 | D:2      | Noticed Sigmund
   748 | D:2      | Slain by Sigmund

Illustrated notes

Levels and vault maps discovered:
D:1:      ebering_trefoil_3fold, layout_rooms, minmay_pentomino_s4
D:2:      layout_rooms, basic_altar, serial_shops, shop,
          ebering_ecumenical_altar_box, nicolae_hexahallways,
          kennysheep_jessica_study, uniq_sigmund

Skill      XL: |  1  2  3 |
---------------+----------+-----
Fighting       | 1 |  1.5
Dodging        | 2 |  2.1
Unarmed Combat | 4 |  4.1
Transmutations | 2 |  2.0
Spellcasting   | |  1.7

Action                     |  1- 3 |  4- 6 || total
---------------------------+-------+-------++-------
  Melee: Unarmed           |    61 |    15 ||    76
         Headbutt          |       |     1 ||     1
   Cast: Beastly Appendage |       |     2 ||     2
    Use: Scroll            |       |     1 ||     1
         Potion            |       |     1 ||     1
 Armour: Robe              |    20 |     5 ||    25
  Dodge: Dodged            |    21 |     6 ||    27
